 Dungeon Crawl Stone Soup version 0.27-a0-277-g024f7ef292 (webtiles) character file.

Game seed: 10077212220218201675

79 Borgoz the Ruffian (level 4, 0/38 HPs)
             Began as a Ghoul Gladiator on Feb 5, 2021.
             Slain by Natasha (8 damage)
             ... on level 2 of the Dungeon.
             The game lasted 00:02:21 (1549 turns).

Borgoz the Ruffian (Ghoul Gladiator)                Turns: 1549, Time: 00:02:22

Health: 0/38       AC:  6    Str: 17    XL:     4   Next: 38%
Magic:  3/3        EV: 12    Int:  3    God:
Gold:   96         SH:  0    Dex: 11    Spells: 3/3 levels left

rFire    . . .     SeeInvis .     - Unarmed
rCold    + . .     Faith    .   (no shield)
rNeg     + + +     Spirit   .   a - +0 leather armour
rPois    ∞         Reflect  .   b - +1 helmet
rElec    .         Harm     .   n - +0 cloak
rCorr    .         Rampage  .   (no gloves)
Will     .....                  (no boots)
Stlth    +.........             (no amulet)
HPRegen  0.00/turn              (no ring)
MPRegen  0.08/turn              (no ring)

@: no status effects
A: claws 1, cold resistance 1, negative energy resistance 3, inhibited
regeneration, torment resistance, unbreathing
a: no special abilities


You were on level 2 of the Dungeon.
You visited 1 branch of the dungeon, and saw 2 of its levels.

You collected 96 gold pieces.

Inventory:

Missiles
 c - 2 throwing nets (quivered)
Armour
 a - a +0 leather armour (worn)
 b - a +1 helmet (worn)
 n - a +0 cloak (worn)
Scrolls
 d - a scroll of enchant weapon {unknown}
 g - a scroll of magic mapping
 h - 2 scrolls of blinking
 i - a scroll of enchant armour
 j - a scroll of identify
 l - 2 scrolls of immolation {unknown}
 m - a scroll of teleportation {unknown}
Potions
 e - a potion of brilliance {unknown}
 k - a potion of might {unknown}


   Skills:
 + Level 3.2 Fighting
 - Level 1.7 Throwing
 + Level 1.5 Armour
 + Level 3.2 Dodging
 + Level 3.9 Unarmed Combat


You had 3 spell levels left.
You didn't know any spells.
Your spell library was empty.

Dungeon Overview and Level Annotations

Branches:
Dungeon (2/15)

Altars:
Sif Muna

Annotations:
D:2 Natasha


Innate Abilities, Weirdness & Mutations

You thrive by killing the living.
You are immune to poison.
You have sharp fingernails.
Your flesh is cold resistant. (rC+)
You are immune to negative energy. (rN+++)
You do not regenerate when monsters are visible.
You are immune to unholy pain and torment.
You can survive without breathing.


Message History

You barely miss Natasha. The shadow imp hits you. Natasha barely misses you.
You scratch Natasha.
Natasha is lightly wounded.
The shadow imp closely misses you. Natasha claws you.
* * * LOW HITPOINT WARNING * * *
You closely miss Natasha.
Natasha is lightly wounded.
The shadow imp barely misses you. Natasha barely misses you.
Throw: 3 throwing nets
Press: ? - help, Q - select action Shift-Dir - straight line, f - Natasha
Aim: Natasha (lightly wounded, 47% to hit)
You throw a throwing net. The throwing net barely misses Natasha.
The shadow imp hits you.
* * * LOW HITPOINT WARNING * * *
Natasha claws you.
* * * LOW HITPOINT WARNING * * *
It was a potion of lignification.
You feel woody for a moment.
The shadow imp hits you but does no damage.
Natasha claws you!
You die...

#### ######.. #..#
#....#.. #######..#
#.##....
#.....#..####.###...
##.....#.........#...
##....................
##.............)....###
#..............).......
#....5@....##.##..#.###
#....h.....##..#......
#......$...###.##.#.#..
#..........# .##.#)###
##(.......## #.#..
#........# ......
...>..?... .#.##..
#........... .. #.#
#.#.


You could see Natasha and a shadow imp (summoned).

Vanquished Creatures
  A gnoll (D:1)
  2 adders (D:2)
  2 worms (D:2)
  3 leopard geckos
  A ball python (D:1)
  3 bats (D:1)
  A giant cockroach (D:2)
  4 goblins
  5 hobgoblins
  A quokka (D:2)
  2 frilled lizards
  15 kobolds
  5 rats (D:1)
45 creatures vanquished.

Vanquished Creatures (others)
  16 plants (D:1)
16 creatures vanquished.

Grand Total: 61 creatures vanquished

Notes
Turn   | Place    | Note
-------+----------+-------------------------------------------
     0 | D:1      | Borgoz the Ghoul Gladiator began the quest for the Orb.
     0 | D:1      | Reached XP level 1. HP: 17/17 MP: 0/0
   194 | D:1      | Reached XP level 2. HP: 21/25 MP: 1/1
   330 | D:1      | Reached skill level 1 in Armour
   330 | D:1      | Reached XP level 3. HP: 15/30 MP: 2/2
  1189 | D:2      | Reached XP level 4. HP: 29/38 MP: 3/3
  1468 | D:2      | Found a shimmering blue altar of Sif Muna.
  1539 | D:2      | Noticed Natasha
  1549 | D:2      | Slain by Natasha

Illustrated notes

Levels and vault maps discovered:
D:1:      onia_arrival_mini_spirals, layout_loops_ring, serial_bayou,
          serial_bayou_pond_c, serial_bayou_shore_a, serial_bayou_lake_a,
          serial_bayou_pond_c, grunt_decor_mini_mirrors, lexackson_kobold_supper
D:2:      layout_rooms, marbit_many_paths, gammafunk_temple_overflow_wave,
          uniq_natasha

Skill      XL: |  1  2  3 |
---------------+----------+-----
Armour         | 1 |  1.5
Dodging        | 3 |  3.2
Fighting       | 3 |  3.2
Throwing       | |  1.7
Unarmed Combat | |  3.9

Action                   |  1- 3 |  4- 6 || total
-------------------------+-------+-------++-------
Melee: Unarmed           |   130 |    51 ||   181
       Punch             |       |     3 ||     3
Throw: Throwing net      |       |     1 ||     1
  Use: Scroll            |     3 |     2 ||     5
       Potion            |       |     1 ||     1
Armor: Leather armour    |    34 |    12 ||    46
Dodge: Dodged            |    57 |    24 ||    81

Table legend: (Time is in decaauts)
 A = Elapsed time spent in this place.
 B = Non-inter-level travel time spent in this place.
 C = Inter-level travel time spent in this place.
 D = Time resting spent in this place.
 E = Time spent auto-exploring this place.
 F = Levels seen in this place.
 G = Mean time per level.
                   A        B        C        D        E       F      G
               +--------+--------+--------+--------+--------+-----+--------+
         Total |   1585 |   1567 |     18 |     78 |   1126 |   2 |  792.5 |
       Dungeon |   1585 |   1567 |     18 |     78 |   1126 |   2 |  792.5 |
               +--------+--------+--------+--------+--------+-----+--------+

Top non-repeatable levels by time:
     D:1: 1094 daAuts
     D:2: 490 daAuts
